 Dungeon Crawl Stone Soup version 0.20.0-15-g7f486f2 (console) character file.

65355 Kloppie the Fencer (level 14, -2/136 HPs)
             Began as a Minotaur Gladiator on July 1, 2017.
             Was the Champion of Okawaru.
             Drowned by a drowned soul (15 damage)
             ... summoned by a merfolk avatar
             ... on level 6 of the Lair of Beasts.
             The game lasted 00:34:01 (16757 turns).

Kloppie the Fencer (Minotaur Gladiator)            Turns: 16757, Time: 00:34:01

Health: -2/136     AC: 34    Str: 19    XL:     14   Next: 75%
Magic:  0/14       EV: 22    Int:  5    God:    Okawaru [******]
Gold:   1037       SH:  0    Dex: 25    Spells: 13/13 levels left

rFire    + . .     SeeInvis .   a - +2 great sword (protect)
rCold    + . .     Gourm    .   (shield currently unavailable)
rNeg     . . .     Faith    .   x - quicksilver dragon scales
rPois    +         Spirit   +   c - +1 hat
rElec    .         Reflect  .   W - scarf {rC+ rF+}
rCorr    .         Harm     .   S - +2 pair of gloves {Dex+3}
MR       ++...                  r - +2 pair of boots {run}
Stlth    +.........             o - amulet of guardian spirit
Regen    0.4/turn               Y - ring "Ymucw" {AC+6 Dex+5 Stlth+}
MPRegen  0.2/turn               t - ring of poison resistance

@: protection aura, mesmerised, very slow
A: retaliatory headbutt, horns 2
a: Heroism, Finesse, Renounce Religion


You were on level 6 of the Lair of Beasts.
You worshipped Okawaru.
Okawaru was exalted by your worship.
You were not hungry.

You visited 2 branches of the dungeon, and saw 21 of its levels.

You collected 1069 gold pieces.
You spent 32 gold pieces at shops.

Inventory:

Hand Weapons
 a - a +2 great sword of protection (weapon)
 b - a +0 dire flail
 e - a +3 triple sword of slicing
Missiles
 d - 2 throwing nets (quivered)
 m - 5 steel javelins
Armour
 c - a +1 hat (worn)
 h - the scarf "Uhiu" {rC+ MR+ Stlth-}
   (Okawaru gifted it to you on level 14 of the Dungeon)

   It protects you from cold.
   It affects your resistance to hostile enchantments.
   It makes you less stealthy.
 r - a +2 pair of boots of running (worn)
 x - quicksilver dragon scales (worn)
 S - a +2 pair of gloves of dexterity (worn)
 W - a scarf of resistance (worn)
Jewellery
 o - an amulet of guardian spirit (around neck)
 q - an uncursed ring of positive energy
 t - a ring of poison resistance (right hand)
 E - an uncursed ring of flight
 M - an uncursed ring of resist corrosion {unknown}
 X - an uncursed ring of protection from cold
 Y - the ring "Ymucw" (left hand) {AC+6 Dex+5 Stlth+}
   (You found it on level 5 of the Lair of Beasts)

   [ring of protection]

   It affects your AC (+6).
   It affects your dexterity (+5).
   It makes you more stealthy.
Wands
 u - a wand of paralysis (10/24)
 K - a wand of disintegration (22/24)
 Q - a wand of confusion (22/48)
Scrolls
 g - a scroll of fog
 l - 7 scrolls of teleportation
 y - a scroll of blinking
 C - 5 scrolls of recharging
 H - 3 scrolls of magic mapping
 L - 5 scrolls of identify
 N - 3 scrolls of enchant weapon
 P - 6 scrolls of remove curse
 T - 3 scrolls of fear
 Z - 2 scrolls of enchant armour
Potions
 j - 2 potions of heal wounds
 n - a potion of ambrosia
 p - 3 potions of flight
 v - 5 potions of curing
 z - a potion of might
 D - 2 potions of invisibility
 G - 5 potions of haste
 J - 2 potions of lignification
 U - 2 potions of brilliance
Books
 s - a book of Enchantments

   Spells                             Type                      Level
   a - Cause Fear                     Hexes                        4
   b - Yara's Violent Unravelling     Hexes/Transmutation          5
   c - Silence                        Hexes/Air                    5
   d - Deflect Missiles               Charms/Air                   6
   e - Discord                        Hexes                        8
 w - a book of Minor Magic

   Spells                             Type                      Level
   a - Magic Dart                     Conjuration                  1
   b - Blink                          Translocation                2
   c - Call Imp                       Summoning                    2
   d - Slow                           Hexes                        2
   e - Conjure Flame                  Conjuration/Fire             3
   f - Mephitic Cloud                 Conjuration/Poison/Air       3
 I - a book of Callings

   Spells                             Type                      Level
   a - Summon Small Mammal            Summoning                    1
   b - Call Imp                       Summoning                    2
   c - Call Canine Familiar           Summoning                    3
   d - Summon Guardian Golem          Hexes/Summoning              3
   e - Summon Lightning Spire         Summoning/Air                4
   f - Summon Ice Beast               Ice/Summoning                4
 O - a book of the Tempests

   Spells                             Type                      Level
   a - Static Discharge               Conjuration/Air              3
   b - Lightning Bolt                 Conjuration/Air              5
   c - Ignition                       Fire                         8
   d - Tornado                        Air                          9
   e - Shatter                        Earth                        9
Miscellaneous
 F - a lamp of fire
Comestibles
 f - 15 bread rations
 i - 9 meat rations
 k - 35 fruits
 A - 17 chunks of flesh
 B - 21 royal jellies


   Skills:
 - Level 15.7 Fighting
 - Level 20.1 Long Blades
 - Level 2.0 Throwing
 + Level 10.8 Armour
 + Level 11.3 Dodging
 - Level 2.2 Invocations


You had 13 spell levels left.
You didn't know any spells.

Dungeon Overview and Level Annotations

Branches:
Dungeon (15/15)            Temple (0/1) D:7            Lair (6/6) D:9
 Shoals (0/4) Lair:2        Snake (0/4) Lair:4        Slime (0/5) Lair:5
    Orc (0/2) D:11         Vaults (0/5) D:14
 Depths: D:15

Altars:
Dithmenos
Elyvilon
Fedhas
Gozag
Kikubaaqudgha
Makhleb
Okawaru
Ru
Sif Muna
Trog
Uskayaw
Yredelemnul
The Shining One
Jiyva

Shops:
D:7 *   D:10 !   D:14 !

Annotations:
D:14 exclusion: 3 oklob plants
Lair:2 exclusion: door


Innate Abilities, Weirdness & Mutations

You reflexively headbutt those who attack you in melee.
You have a pair of horns on your head.


Message History

Your headbutt misses the merfolk avatar.
The merfolk avatar is heavily wounded.
The merfolk avatar chants its luring song.
You slash the merfolk avatar!
Your headbutt misses the merfolk avatar.
The merfolk avatar is severely wounded.
The drowned soul touches you. The drowned soul drowns you!
* * * LOW HITPOINT WARNING * * *
The merfolk avatar chants its luring song.
Your unstable footing causes you to fumble your attack.
The merfolk avatar chants its luring song.
Your unstable footing causes you to fumble your attack.
The drowned soul touches you. The drowned soul drowns you!
* * * LOW HITPOINT WARNING * * *
You slash the merfolk avatar!
The merfolk avatar is severely wounded.
The drowned soul touches you. The drowned soul drowns you!
* * * LOW HITPOINT WARNING * * *
The drowned soul touches you. The drowned soul drowns you!
You die...

....≈≈≈≈≈#≈≈≈≈≈≈≈≈≈≈≈8#≈≈≈P.P##..
....≈≈≈P≈##############≈≈≈≈.P###.
..#≈.##≈≈#8≈≈≈≈≈≈≈≈≈≈8#≈≈##.###..
..##≈##≈≈#≈≈≈≈≈≈≈≈≈≈≈≈#≈≈##.###..
..#≈≈P≈≈≈#≈≈≈≈≈≈≈≈≈≈≈≈#≈≈≈≈P(##..
..##≈≈≈≈≈.≈≈#≈}$[)≈#≈≈.≈≈≈≈P≈##..
...#≈##≈≈#≈≈≈≈%W≈(≈≈≈≈#≈≈##≈P#...
....≈#.≈≈#≈P≈≈(≈m$≈P≈≈#≈≈##≈...h.
...≈≈≈≈≈≈#P≈≈≈})@(≈≈≈≈#≈≈≈P......
.....≈≈≈≈#≈≈≈≈≈≈≈≈≈≈≈≈#≈≈≈≈......
.....##≈≈#≈≈≈≈≈≈≈≈≈≈≈≈#≈≈##......
......#P≈#.≈≈≈≈≈≈≈≈≈≈8#≈≈..≈.....
.....P≈≈≈#####≈≈≈≈#####≈≈≈≈....hh
....≈≈≈≈≈#8≈≈≈≈≈≈≈≈≈≈8#≈≈≈≈≈.....
.....##P≈#≈≈≈≈≈≈.≈≈≈≈≈#≈≈##......
....≈##≈≈#≈≈≈≈≈≈≈≈P≈≈≈#≈≈.÷..PP..
...P≈≈≈≈≈#.≈.#.≈≈.##≈##≈P≈P...#..


You could see a merfolk avatar and a drowned soul.

Vanquished Creatures
  A fire dragon (Lair:5)
  10 hydras
  Fannar (Lair:2)
  A catoblepas (D:14)
  8 two-headed ogres
  2 centaur warriors (D:14)
  A tengu warrior (D:15)
  3 death yaks (Lair:6)
  The ghost of stultus the Basher, a novice DsBe of Trog (D:9)
  An ogre mage (D:14)
  Urug (Lair:2)
  A shock serpent (shapeshifter) (D:13)
  Sonja (D:13)
  5 skeletal warriors (D:11)
  An unseen horror (D:15)
  2 sea snakes (Lair:6)
  An orc knight (D:15)
  4 cyclopes
  2 manticores (Lair:6)
  3 elephants (Lair:6)
  2 ugly things (D:12)
  A black mamba (shapeshifter) (D:11)
  A merfolk siren (Lair:2)
  Psyche (D:8)
  10 spiny frogs
  A torpor snail (Lair:6)
  4 black mambas
  5 rime drakes
  9 komodo dragons
  A queen bee (D:12)
  3 tengu conjurers
  3 meliai (D:12)
  3 trolls
  5 polar bears
  5 hornets
  A wind drake (Lair:6)
  A raiju (shapeshifter) (D:13)
  7 hippogriffs
  A blink frog (Lair:6)
  A vampire (D:15)
  3 wraiths
  42 yaks
  4 wyverns
  3 vampire mosquitoes (D:14)
  2 hungry ghosts
  A soldier ant (D:10)
  2 acid dragons
  9 water moccasins
  5 orc warriors
  9 porcupines
  2 ice beasts
  5 black bears
  A sky beast (D:12)
  7 ogres
  6 phantoms
  10 wolves (Lair:6)
  11 centaurs
  21 crocodiles
  18 bullfrogs
  3 big kobolds
  A wyvern zombie (D:12)
  A water moccasin zombie (D:8)
  A wyvern skeleton (D:12)
  5 scorpions
  A water moccasin skeleton (D:9)
  30 killer bees
  7 wights
  2 howler monkeys
  2 lava snakes (Lair:5)
  4 crimson imps
  12 hounds
  2 jellies
  A quasit (D:8)
  4 orc priests
  Crazy Yiuf (D:7)
  7 orc wizards
  3 centaur skeletons
  5 bullfrog skeletons
  4 iguanas
  9 worker ants
  8 ogre zombies (D:11)
  A hound zombie (D:7)
  2 worker ant zombies
  A howler monkey skeleton (D:11)
  10 adders
  3 shadow imps
  2 oozes (D:2)
  An adder skeleton (D:5)
  5 worms
  3 dart slugs
  8 leopard geckos
  71 orcs
  6 giant cockroaches
  4 goblins
  5 hobgoblins
  6 jackals (D:6)
  7 quokkas
  2 ball pythons
  11 bats
  5 frilled lizards
  3 goblin zombies (D:11)
  A hobgoblin skeleton (D:11)
  5 hobgoblin zombies
  18 kobolds
  5 orc skeletons (D:11)
  11 orc zombies (D:11)
  A quokka skeleton (D:9)
  11 rats
597 creatures vanquished.

Vanquished Creatures (others)
  A hippogriff (Lair:2)
  45 fungi
  16 plants
62 creatures vanquished.

Grand Total: 659 creatures vanquished

Notes
Turn   | Place    | Note
-------+----------+-------------------------------------------
     0 | D:1      | Kloppie the Minotaur Gladiator began the quest for the Orb.
     0 | D:1      | Reached XP level 1. HP: 18/18 MP: 0/0
   324 | D:1      | Reached XP level 2. HP: 23/26 MP: 1/1
   630 | D:1      | Reached XP level 3. HP: 30/33 MP: 2/2
   859 | D:2      | Reached skill level 5 in Fighting
   946 | D:2      | Reached XP level 4. HP: 23/42 MP: 3/3
  1508 | D:3      | Reached skill level 4 in Long Blades
  1509 | D:3      | Reached XP level 5. HP: 44/50 MP: 4/4
  1598 | D:3      | Found a basalt altar of Yredelemnul.
  1665 | D:3      | Found a sacrificial altar of Ru.
  1686 | D:3      | Noticed a moth of wrath
  1689 | D:3      | Found a bloodstained altar of Trog.
  1736 | D:3      | Found an ancient bone altar of Kikubaaqudgha.
  1736 | D:3      | Found an opulent altar of Gozag.
  1737 | D:3      | Found an iron altar of Okawaru.
  1738 | D:3      | Found a shadowy altar of Dithmenos.
  1738 | D:3      | Found a burning altar of Makhleb.
  1738 | D:3      | Found a white marble altar of Elyvilon.
  1739 | D:3      | Found a deep blue altar of Sif Muna.
  1745 | D:3      | Became a worshipper of Warmaster Okawaru
  1790 | D:3      | Found a blossoming altar of Fedhas.
  1951 | D:4      | Noticed a phantom
  1966 | D:4      | Reached skill level 5 in Long Blades
  1989 | D:4      | Killed a phantom
  1989 | D:4      | Reached skill level 6 in Long Blades
  1989 | D:4      | Reached XP level 6. HP: 44/57 MP: 5/5
  2084 | D:4      | Reached skill level 7 in Long Blades
  2101 | D:4      | Reached * piety under Okawaru
  2259 | D:4      | Reached XP level 7. HP: 42/63 MP: 6/6
  2266 | D:4      | Found a hide-covered altar of Uskayaw.
  2480 | D:5      | Entered Level 5 of the Dungeon
  2496 | D:5      | Reached skill level 5 in Dodging
  2615 | D:5      | Found a glowing golden altar of the Shining One.
  2657 | D:5      | Reached ** piety under Okawaru
  3013 | D:5      | Reached skill level 8 in Long Blades
  3013 | D:5      | Reached XP level 8. HP: 70/70 MP: 7/7
  3411 | D:6      | Reached skill level 9 in Long Blades
  3701 | D:6      | Reached *** piety under Okawaru
  3995 | D:6      | Identified a scroll of acquirement
  4205 | D:7      | Found a runed door.
  4407 | D:7      | Found Wulomo's General Store.
  4410 | D:7      | Bought a scroll of identify for 32 gold pieces
  4434 | D:7      | Found a staircase to the Ecumenical Temple.
  4444 | D:7      | Reached skill level 10 in Long Blades
  4444 | D:7      | Reached XP level 9. HP: 78/82 MP: 8/8
  4812 | D:7      | Noticed Crazy Yiuf
  4816 | D:7      | Killed Crazy Yiuf
  4921 | D:8      | Reached skill level 1 in Armour
  5109 | D:8      | Reached **** piety under Okawaru
  5109 | D:8      | Reached skill level 5 in Armour
  5218 | D:8      | Noticed Psyche
  5232 | D:8      | Killed Psyche
  5232 | D:8      | Reached skill level 11 in Long Blades
  5515 | D:9      | Noticed a two-headed ogre
  5537 | D:9      | Killed a two-headed ogre
  5537 | D:9      | Reached ***** piety under Okawaru
  5537 | D:9      | Reached skill level 12 in Long Blades
  5537 | D:9      | Reached XP level 10. HP: 50/89 MP: 4/9
  5547 | D:9      | Reached skill level 13 in Long Blades
  5614 | D:9      | Noticed a two-headed ogre
  5626 | D:9      | Killed a two-headed ogre
  5626 | D:9      | Received a gift from Okawaru
  5638 | D:9      | Reached skill level 14 in Long Blades
  5706 | D:9      | Got a crystal battleaxe {god gift}
  5949 | D:9      | Noticed stultus's ghost (novice DsBe)
  5992 | D:9      | Killed stultus's ghost
  5992 | D:9      | Reached skill level 10 in Fighting
  6262 | D:9      | Found a staircase to the Lair.
  6442 | D:9      | Reached skill level 1 in Invocations
  6612 | Lair:1   | Entered Level 1 of the Lair of Beasts
  6628 | Lair:1   | Noticed a black mamba
  6638 | Lair:1   | Killed a black mamba
  6638 | Lair:1   | Reached XP level 11. HP: 96/102 MP: 8/11
  6751 | Lair:1   | Reached ****** piety under Okawaru
  6751 | Lair:1   | Received a gift from Okawaru
  7085 | Lair:1   | Noticed a seven-headed hydra
  7089 | Lair:1   | Reached skill level 15 in Long Blades
  7105 | Lair:1   | Killed a seven-headed hydra
  7972 | Lair:2   | Noticed Fannar
  7979 | Lair:2   | Reached skill level 16 in Long Blades
  8015 | Lair:2   | Killed Fannar
  8015 | Lair:2   | Received a gift from Okawaru
  8028 | Lair:2   | Noticed Urug
  8045 | Lair:2   | Killed Urug
  8487 | Lair:2   | Found a staircase to the Shoals.
  8714 | Lair:3   | Reached skill level 17 in Long Blades
  8769 | Lair:3   | Reached XP level 12. HP: 64/110 MP: 9/12
  8810 | Lair:3   | Noticed a seven-headed hydra
  8824 | Lair:3   | Killed a seven-headed hydra
  9451 | Lair:4   | Noticed an eight-headed hydra
  9479 | Lair:4   | Killed an eight-headed hydra
  9629 | Lair:4   | Noticed an eight-headed hydra
  9636 | Lair:4   | Killed an eight-headed hydra
  9656 | Lair:4   | Received a gift from Okawaru
  9661 | Lair:4   | Got a steaming double sword {god gift}
  9662 | Lair:4   | Identified the +3 double sword "Fixi" {elec, +Inv rElec Int-4 Stlth+} (Okawaru gifted it to you on level 4 of the Lair of Beasts)
  9841 | Lair:4   | Found a staircase to the Snake Pit.
 10191 | Lair:5   | Found a viscous altar of Jiyva.
 10192 | Lair:5   | Found a staircase to the Slime Pits.
 10373 | Lair:5   | Noticed a fire dragon
 10400 | Lair:5   | Killed a fire dragon
 10400 | Lair:5   | Received a gift from Okawaru
 10861 | Lair:5   | Got a fine war axe
 10865 | Lair:5   | Got a warped copper ring
 10944 | Lair:5   | Identified the ring "Ymucw" {AC+6 Dex+5 Stlth+} (You found it on level 5 of the Lair of Beasts)
 10964 | Lair:6   | Entered Level 6 of the Lair of Beasts
 11014 | Lair:6   | Reached skill level 18 in Long Blades
 11183 | D:10     | Entered Level 10 of the Dungeon
 11299 | D:10     | Reached XP level 13. HP: 125/125 MP: 13/13
 11373 | D:10     | Received a gift from Okawaru
 11506 | D:10     | Found Goep's Distillery.
 12208 | D:11     | Found a staircase to the Orcish Mines.
 12859 | D:12     | Received a gift from Okawaru
 13013 | D:12     | HP: 4/125 [meliai/divine providence (16)]
 13661 | D:13     | Reached skill level 15 in Fighting
 13695 | D:13     | Noticed Sonja
 13808 | D:13     | You fall through a shaft for 2 floors!
 13808 | D:15     | Entered Level 15 of the Dungeon
 13991 | D:14     | Reached skill level 19 in Long Blades
 14039 | D:14     | Identified a +2 pair of boots of running (You acquired it on level 14 of the Dungeon)
 14142 | D:14     | Reached XP level 14. HP: 115/136 MP: 14/14
 14200 | D:14     | Found a gate to the Vaults.
 14334 | D:14     | Received a gift from Okawaru
 14346 | D:14     | Got a faintly humming scarf {god gift}
 14395 | D:14     | Identified the scarf "Uhiu" {rC+ MR+ Stlth-} (Okawaru gifted it to you on level 14 of the Dungeon)
 14432 | D:14     | Found Futtidd's Distillery.
 14912 | D:13     | Killed Sonja
 15110 | D:13     | Reached skill level 20 in Long Blades
 15538 | Lair:6   | Reached skill level 10 in Dodging
 16275 | Lair:6   | Reached skill level 10 in Armour
 16409 | Lair:6   | Received a gift from Okawaru
 16757 | Lair:6   | Drowned by a drowned soul

Skill      XL: |  1  2  3  4  5  6  7  8  9 10 11 12 13 14 |
---------------+-------------------------------------------+-----
Fighting       | 3 4 5 6 8 11 14 15 | 15.7
Long Blades    | 4 6 7 8 10 12 14 17 18 19 20 | 20.1
Dodging        | 4 6 7 9 11 | 11.3
Armour         | 5 8 10 | 10.8
Invocations    | 2 |  2.2
Throwing       | |  2.0

Action                   |  1- 3 |  4- 6 |  7- 9 | 10-12 | 13-15 || total
-------------------------+-------+-------+-------+-------+-------++-------
Melee: Long sword        |    61 |   126 |   295 |   140 |       ||   622
       Headbutt          |    12 |    20 |    82 |   171 |   261 ||   546
       Flail             |       |    11 |       |    24 |       ||    35
       Scimitar          |       |       |       |    80 |       ||    80
       Great sword       |       |       |       |   204 |   669 ||   873
       Double sword      |       |       |       |   112 |     1 ||   113
       Punch             |       |       |       |     1 |       ||     1
       Dire flail        |       |       |       |       |    14 ||    14
Throw: Throwing net      |       |       |       |     1 |     1 ||     2
Invok: Heroism           |       |       |       |     3 |     1 ||     4
Evoke: Wand              |       |       |     2 |     4 |       ||     6
  Use: Scroll            |       |     7 |    15 |     7 |     3 ||    32
       Potion            |       |       |       |     6 |     6 ||    12
 Stab: Sleeping          |       |       |       |     2 |     4 ||     6
       Distracted        |       |       |       |     1 |     4 ||     5
  Eat: Chunk             |       |     5 |    10 |    17 |    21 ||    53
       Royal jelly       |       |       |       |     1 |       ||     1
Armor: Leather armour    |    13 |    14 |       |       |       ||    27
       Quicksilver drago |       |    65 |   117 |   261 |   402 ||   845
Dodge: Dodged            |    44 |   107 |   231 |   409 |   742 ||  1533
       Rpst.: Long sword |    14 |    26 |    65 |    11 |       ||   116
       Scimitar          |       |       |       |     9 |       ||     9
       Great sword       |       |       |       |    41 |   118 ||   159
       Double sword      |       |       |       |    13 |       ||    13
